 Dungeon Crawl Stone Soup version 0.28.0-62-gf88900778d (webtiles) character file.

Game seed: 6866039231812703212

24951 cbfl8 the Severer (level 12, -17/99 HPs)
             Began as a Minotaur Monk on Sept 12, 2023.
             Was a Believer of Hepliaklqana.
             Killed from afar by a deep elf pyromancer (28 damage)
             ... with a bolt of fire
             ... on level 12 of the Dungeon.
             The game lasted 00:21:56 (17853 turns).

cbfl8 the Severer (Minotaur Monk)                  Turns: 17853, Time: 00:21:57

Health: -17/99     AC: 16    Str: 15    XL:     12   Next: 85%
Magic:  11/11      EV: 12    Int:  7    God:    Hepliaklqana [**....]
Gold:   559        SH:  0    Dex: 19    Spells: 11/11 levels left

rFire   . . .      SeeInvis .   a - +1 executioner's axe (freeze)
rCold   . . .      Faith    +   (shield currently unavailable)
rNeg    . . .      Spirit   .   e - +1 ring mail {rPois}
rPois   +          Reflect  .   G - +1 hat
rElec   .          Harm     .   k - +1 cloak {Stlth+}
rCorr   .          Rampage  .   f - +0 pair of gloves
Will    +....                   D - +2 pair of boots
Stlth   ++........              A - amulet of faith
HPRegen 0.26/turn               E - ring of willpower
MPRegen 0.12/turn               (no ring)

@: about to teleport
A: reduced essence, horns 2, retaliatory headbutt
a: Renounce Religion, Recall Ancestor, Ancestor Identity


You were on level 12 of the Dungeon.
You worshipped Hepliaklqana.
Hepliaklqana was pleased with you.
You visited 2 branches of the dungeon, and saw 13 of its levels.
You also visited: Sewer.

You collected 671 gold pieces.
You spent 112 gold pieces at shops.

Inventory:

Hand Weapons
 a - a +1 executioner's axe of freezing (weapon)
 B - a +0 broad axe of draining
Armour
 d - a +0 chain mail
 e - a +1 ring mail of poison resistance (worn)
 f - a +0 pair of gloves (worn)
 k - a +1 cloak of stealth (worn)
 D - a +2 pair of boots (worn)
 G - a +1 hat (worn)
Jewellery
 A - an amulet of faith (around neck)
 E - a ring of willpower (left hand)
Wands
 q - a wand of flame (28)
 r - a wand of digging (9)
Scrolls
 g - 2 scrolls of immolation
 m - 2 scrolls of fog
 o - a scroll of identify
 s - 6 scrolls of enchant weapon
 v - 2 scrolls of magic mapping
 y - 2 scrolls of silence
 z - 3 scrolls of fear
Potions
 c - 2 potions of resistance
 h - 5 potions of curing
 i - 2 potions of haste
 j - 4 potions of flight
 l - 2 potions of mutation
 n - 4 potions of invisibility
 t - 3 potions of lignification
 w - a potion of might


   Skills:
 + Level 11.7 Fighting
 + Level 17.8 Axes
 + Level 10.4 Armour
 - Level 3.2 Dodging
 - Level 1.5 Stealth
 * Level 9.0 Evocations


You had 11 spell levels left.
You didn't know any spells.
Your spell library contained the following spells:

 Spells                   Type           Power      Damage    Failure   Level
 Corpse Rot               Necr/Air       0%         N/A       75%         2
 Ensorcelled Hibernation  Hex/Ice        0%         N/A       75%         2
 Passwall                 Tmut/Erth      0%         N/A       75%         2
 Poisonous Vapours        Pois/Air       0%         N/A       75%         2
 Swiftness                Air            0%         N/A       93%         3
 Chain Lightning          Conj/Air       0%         N/A       100%        9
 Fire Storm               Conj/Fire      0%         5d1       100%        9
 Shatter                  Erth           0%         3d5*      100%        9


Dungeon Overview and Level Annotations

Branches:
Dungeon (12/15)            Temple (1/1) D:4            Lair (0/6) D:8
    Orc (0/2) D:11          Sewer (visited)

Altars:
Ashenzari
Cheibriados
Dithmenos
Elyvilon
Fedhas
Gozag
Hepliaklqana
Kikubaaqudgha
Makhleb
Nemelex Xobeh
Okawaru
Qazlal
Ru
Sif Muna
Trog
Uskayaw
Vehumet
Wu Jian
Xom
Yredelemnul
Zin
The Shining One
Jiyva

Shops:
D:4 [   D:7 (   D:8 !   D:9 [

Annotations:
D:12 1 runed translucent door


Innate Abilities, Weirdness & Mutations

Your life essence is reduced to manifest your ancestor. (-10% HP)
You have a pair of horns on your head.
You reflexively headbutt those who attack you in melee.


Message History

The troll claws your skeletal warrior but does no damage.
Your skeletal warrior barely misses the troll.
Really read the scroll of holy word near your skeletal warrior?
As you read the scroll of holy word, it crumbles to dust.
You speak a Word of immense power!
Your skeletal warrior convulses!
The vampire convulses!
You destroy the vampire!
Your skeletal warrior dissolves into shadows!
An orc warrior comes into view. It is wielding a +0 battleaxe.
You are too injured to fight recklessly!
You are too injured to fight recklessly!
Unknown command.
You are too injured to fight recklessly!
Unknown command.
You are too injured to fight recklessly!
You hit the troll. You freeze the troll. Your headbutt misses the troll.
The troll is lightly wounded.
The orc priest invokes the aid of Beogh against you.
Beogh smites you! The troll barely misses you.
The troll claws you but does no damage. The troll barely misses you.
You barely miss the troll. Your headbutt misses the troll.
The troll is lightly wounded.
The orc priest begins to cast a cantrip, but forgets the words!
The troll bites you!
* * * LOW HITPOINT WARNING * * *
The troll claws you.
* * * LOW HITPOINT WARNING * * *
The troll claws you but does no damage.
As you read the scroll of teleportation, it crumbles to dust.
You feel strangely unstable.
The deep elf pyromancer casts a spell.
The deep elf pyromancer blinks!
The troll barely misses you. The troll completely misses you.
The troll claws you but does no damage.
The orc priest calls down the wrath of Beogh upon you.
Beogh smites you!
* * * LOW HITPOINT WARNING * * *
The deep elf pyromancer points at you and mumbles some strange words.
The bolt of fire hits you!!
You die...

....##......###.#
....8##(##...##.#
.#
......#..##...#)#
..#
...o..##..##.'#.#
...#
#8..Bo)##.####!รท#
#....
#.h..C#...######
#.... ##T....##
.VD. #.......# .V.
#...@...#
#...e...#
##.....## ##...##
#####


You could see a boulder beetle, a cyclops, a deep elf pyromancer, a troll, an
orc warrior and an orc priest.

Vanquished Creatures
  Gastronok (D:11)
  Nessos (D:12)
  Snorg (D:10)
  A boulder beetle (D:11)
  A hydra (D:12)
  An ogre mage (D:12)
  3 death yaks
  7 two-headed ogres
  The ghost of Kranky the Fighter, a novice OpFi of Okawaru (D:10)
  An ugly thing (D:11)
  2 cyclopes (D:12)
  A manticore (D:12)
  Joseph (D:9)
  Maggie (D:9)
  Psyche (D:8)
  2 unseen horrors
  3 trolls
  A queen bee (shapeshifter) (D:12)
  A hornet (D:5)
  10 yaks
  A vampire (D:12)
  A wraith (D:11)
  A basilisk (D:12)
  A vampire mosquito (D:5)
  A steam dragon (D:8)
  A water moccasin (D:5)
  3 acid dragons
  An orc warrior (D:10)
  A black bear (D:4)
  5 ice beasts
  4 ogres
  3 necrophages
  8 centaurs
  3 kobold brigands
  5 bullfrogs
  2 scorpions
  2 jellies
  A wyvern skeleton (D:7)
  7 killer bees
  6 wights
  A howler monkey (D:5)
  6 centaur zombies
  2 orc priests
  4 hounds
  A bullfrog skeleton (D:4)
  Crazy Yiuf (D:3)
  A bullfrog zombie (D:7)
  5 iguanas
  14 orc wizards
  Ijyb (D:5)
  A hound zombie (D:5)
  2 hound skeletons
  2 howler monkey zombies (D:9)
  A howler monkey skeleton (D:4)
  8 adders
  A shadow imp (D:6)
  2 white imps
  An ufetubus (D:6)
  3 adder skeletons
  3 dart slugs
  25 orcs
  8 bats
  6 endoplasms
  15 giant cockroaches
  10 goblins
  2 hobgoblins
  4 jackals (D:1)
  27 kobolds
  8 quokkas
  10 ball pythons
  12 frilled lizards
  3 rats (D:1)
288 creatures vanquished.

Vanquished Creatures (collateral kills)
  3 ugly things
  A manticore (D:11)
  An unseen horror (D:11)
  A troll (D:12)
  2 shadows (D:12)
  A wraith (D:11)
  An orc wizard (D:12)
  An orc (D:12)
  A kobold (D:11)
12 creatures vanquished.

Vanquished Creatures (others)
  3 knights
  17 fungi (D:6)
20 creatures vanquished.

Grand Total: 320 creatures vanquished

Notes
Turn   | Place    | Note
-------+----------+-------------------------------------------
     0 | D:1      | cbfl8 the Minotaur Monk began the quest for the Orb.
     0 | D:1      | Reached XP level 1. HP: 19/19 MP: 0/0
   101 | D:1      | You fall into a shaft and drop 1 floor!
   180 | D:2      | Reached skill level 4 in Axes
   180 | D:2      | Reached XP level 2. HP: 18/27 MP: 1/1
   359 | D:2      | Reached skill level 1 in Evocations
   389 | D:1      | Reached XP level 3. HP: 33/33 MP: 2/2
   634 | D:1      | Reached skill level 1 in Armour
   652 | D:1      | Found a faded altar of an unknown god.
  1150 | D:2      | Found an opulent altar of Gozag.
  1390 | D:2      | Reached XP level 4. HP: 41/41 MP: 3/3
  1604 | D:3      | Identified a scroll of acquirement
  1605 | D:3      | Acquired a +1 executioner's axe of freezing
  1705 | D:3      | Noticed a scorpion
  1711 | D:3      | Killed a scorpion
  1712 | D:3      | Reached skill level 5 in Axes
  1712 | D:3      | Reached XP level 5. HP: 45/47 MP: 4/4
  1845 | D:3      | Found a runed translucent door.
  1846 | D:3      | Noticed Crazy Yiuf
  2232 | D:3      | Identified the +8 dagger "Spider's Death" {flame, MP+9
                  | Str+2 Dex-3 Stlth+}
  2288 | D:3      | Killed Crazy Yiuf
  2721 | D:4      | Found a staircase to the Ecumenical Temple.
  2730 | Temple   | Entered the Ecumenical Temple
  2887 | D:4      | Reached skill level 5 in Fighting
  2887 | D:4      | Reached skill level 6 in Axes
  2887 | D:4      | Reached XP level 6. HP: 55/56 MP: 5/5
  2948 | D:4      | Found a glowing drain.
  2960 | Sewer    | Entered a sewer
  3580 | D:4      | Reached XP level 7. HP: 61/61 MP: 6/6
  3603 | D:4      | Reached skill level 7 in Axes
  3737 | D:4      | Found Ditseema's Antique Armour Shoppe.
  4118 | D:5      | Entered Level 5 of the Dungeon
  4136 | D:5      | Noticed a hornet
  4145 | D:5      | Killed a hornet
  4224 | D:5      | Reached skill level 8 in Axes
  4347 | D:5      | Noticed Ijyb
  4353 | D:5      | Killed Ijyb
  4381 | D:5      | Reached XP level 8. HP: 34/70 MP: 3/7
  4568 | D:5      | Reached skill level 9 in Axes
  4570 | D:5      | Reached skill level 5 in Armour
  4737 | D:5      | Found a hide-covered altar of Uskayaw.
  4808 | D:5      | Reached skill level 10 in Axes
  4945 | D:5      | Found an opulent altar of Gozag.
  5075 | D:5      | Found a broken altar of Ashenzari.
  5075 | D:5      | Found an ancient bone altar of Kikubaaqudgha.
  5323 | D:6      | Reached XP level 9. HP: 63/78 MP: 5/8
  5579 | D:6      | Reached skill level 11 in Axes
  5579 | D:6      | Reached skill level 5 in Evocations
  5831 | D:6      | Found a stormy altar of Qazlal.
  6137 | D:6      | Found a bloodstained altar of Trog.
  6187 | D:6      | Found an iron altar of Okawaru.
  6689 | D:7      | Found a glowing silver altar of Zin.
  6748 | D:7      | Found a radiant altar of Vehumet.
  7563 | D:7      | Found Gedom's Weapon Shoppe.
  7828 | D:8      | Noticed a death yak
  7830 | D:8      | Found a staircase to the Lair.
  7831 | D:8      | Noticed a death yak
  7831 | D:8      | Noticed a death yak
  7929 | D:8      | Reached skill level 12 in Axes
  8130 | D:7      | Reached XP level 10. HP: 82/86 MP: 9/9
  8143 | D:8      | Killed a death yak
  8450 | D:8      | Found Wetzel's Distillery.
  8459 | D:8      | Bought a potion of berserk rage for 70 gold pieces
  8459 | D:8      | Bought a potion of curing for 42 gold pieces
  8583 | D:8      | Noticed a two-headed ogre
  8588 | D:8      | Killed a two-headed ogre
  8589 | D:8      | Reached skill level 13 in Axes
  8924 | D:8      | Identified the +8 rapier of Doreite {elec, rPois}
  9141 | D:8      | Killed a death yak
  9716 | D:8      | Noticed Psyche
  9735 | D:7      | Killed a death yak
  9790 | D:8      | Killed Psyche
 10359 | D:8      | Reached skill level 14 in Axes
 10477 | D:9      | Found Oheina's Armour Shop.
 10944 | D:9      | Noticed Maggie
 10952 | D:9      | Killed Maggie
 11002 | D:9      | Noticed Joseph
 11010 | D:9      | Killed Joseph
 11011 | D:9      | Reached XP level 11. HP: 85/97 MP: 10/10
 11382 | D:10     | Entered Level 10 of the Dungeon
 11524 | D:10     | Found a snail-covered altar of Cheibriados.
 11534 | D:10     | Noticed Snorg
 11993 | D:10     | Found a runed translucent door.
 11997 | D:10     | Noticed Kranky's ghost (novice OpFi)
 12072 | D:10     | Killed Snorg
 12340 | D:10     | Noticed a two-headed ogre
 12344 | D:10     | Killed a two-headed ogre
 12345 | D:10     | Reached skill level 15 in Axes
 12552 | D:10     | Found a hazy altar of Hepliaklqana.
 12563 | D:10     | Found a shimmering altar of Xom.
 12563 | D:10     | Noticed a two-headed ogre
 12568 | D:10     | Became a worshipper of Hepliaklqana the Forgotten
 12568 | D:10     | Reached * piety under Hepliaklqana
 12568 | D:10     | Reached ** piety under Hepliaklqana
 12569 | D:10     | Remembered your ancestor Valentine as a knight
 12668 | D:10     | Found a blossoming altar of Fedhas.
 12725 | D:10     | Killed Kranky's ghost
 13163 | D:11     | Noticed a red ugly thing
 13419 | D:11     | Killed a red ugly thing
 13469 | D:11     | Reached skill level 10 in Fighting
 13814 | D:11     | Noticed a two-headed ogre
 13822 | D:11     | Killed a two-headed ogre
 14004 | D:11     | Found a staircase to the Orcish Mines.
 14057 | D:11     | Noticed a two-headed ogre
 14062 | D:11     | Killed a two-headed ogre
 14063 | D:11     | Reached skill level 16 in Axes
 14377 | D:11     | Noticed a boulder beetle
 14397 | D:11     | Killed a boulder beetle
 14847 | D:11     | Noticed Gastronok
 14860 | D:11     | Killed Gastronok
 14861 | D:11     | Reached XP level 12. HP: 38/97 MP: 11/11
 15162 | D:12     | Found a runed translucent door.
 15172 | D:12     | Noticed Nessos
 15186 | D:12     | Killed Nessos
 16012 | D:12     | Noticed an ogre mage
 16475 | D:12     | Killed an ogre mage
 16479 | D:12     | Reached skill level 17 in Axes
 16479 | D:12     | Noticed a two-headed ogre
 16485 | D:12     | Killed a two-headed ogre
 16931 | D:12     | Noticed a two-headed ogre
 16933 | D:12     | Found an opulent altar of Gozag.
 16941 | D:12     | Killed a two-headed ogre
 16949 | D:12     | Noticed a two-headed ogre
 16958 | D:12     | Killed a two-headed ogre
 16959 | D:12     | Reached skill level 10 in Armour
 17309 | D:12     | Found a runed translucent door.
 17837 | D:12     | Noticed a five-headed hydra
 17847 | D:12     | Killed a six-headed hydra
 17848 | D:12     | Noticed a boulder beetle
 17853 | D:12     | Killed from afar by a deep elf pyromancer

Illustrated notes

Levels and vault maps discovered:
D:1:      sevenhm_arrival_forest_fort_large_2, layout_basic,
          ebering_ecumenical_altar_ruins
D:2:      layout_basic, basic_altar
D:3:      layout_loops_ring, uniq_crazy_yiuf_cottage
D:4:      layout_gridville, lemuel_temple_firewalk_a, gup_sewer_entry_bowl,
          serial_shops, shop
D:5:      cheibrodos_barr_body, layout_gridville, lemuel_tele_altar,
          kennysheep_mini, gammafunk_temple_overflow_elements, uniq_ijyb
D:6:      layout_basic, bloody_trog, kennysheep_okawaru_gauntlet,
          nicolae_qazlal_style_of_elements, serial_aquarium,
          aquarium_bridge_square [aquarium_subvault_wall,
          aquarium_subvault_bridge, aquarium_subvault_bridge,
          aquarium_subvault_bridge], aquarium_bridge_island_large
          [aquarium_subvault_large_water, aquarium_subvault_balcony,
          aquarium_subvault_window, aquarium_subvault_bridge,
          aquarium_subvault_window], aquarium_window_corridor_1,
          aquarium_window_1, aquarium_window_fake, aquarium_window_1,
          aquarium_view_2e, aquarium_pool_1
D:7:      layout_basic, overflow_temple_1_default,
          nicolae_overflow_crystal_walls, serial_shops,
          nicolae_shop_competitors_out_of_business
D:8:      layout_basic, dpeg_lair_monsters, serial_shops, shop, uniq_psyche
D:9:      layout_loops_ring, serial_shops, nicolae_shop_advertising_works
          [nicolae_subvault_shop_adworks], nrook_uturn, uniq_maggie, uniq_joseph
D:10:     layout_rooms, regret_index_temple_of_mockery,
          nicolae_overflow_hidden_temple, mainiacjoe_overflow_tiny_flanked,
          hellmonk_ghost_happy_afterlife, uniq_snorg
D:11:     layout_roguey, orc_0_dummy, uniq_gastronok
D:12:     cheibrodos_histonic, layout_basic, nicolae_gozag_seed_capital,
          uniq_nessos
Temple:   pf_slime_end_temple

Skill      XL: |  1  2  3  4  5  6  7  8  9 10 11 12 |
---------------+-------------------------------------+-----
Fighting       | 4 5 6 7 9 10 11 | 11.7
Axes           | 4 5 6 8 10 12 14 16 17 | 17.8
Evocations     | 1 2 3 4 5 6 8 9 |  9.0
Armour         | 1 2 3 4 5 7 8 9 10 | 10.4
Dodging        | |  3.2
Stealth        | |  1.5

Action                   |  1- 3 |  4- 6 |  7- 9 | 10-12 || total
-------------------------+-------+-------+-------+-------++-------
Melee: Hand axe          |    72 |     5 |       |       ||    77
       Headbutt          |    13 |    16 |    34 |    70 ||   133
       Punch             |     1 |       |       |       ||     1
       Executioner's axe |       |   107 |   157 |   320 ||   584
       War axe           |       |     1 |       |       ||     1
Invok: Ancestor Life: Kn |       |       |       |     1 ||     1
       Ancestor Identity |       |       |       |     1 ||     1
       Recall Ancestor   |       |       |       |     1 ||     1
Evoke: Wand              |       |       |     2 |    23 ||    25
  Use: Scroll            |       |     7 |    12 |    13 ||    32
       Potion            |       |       |       |     2 ||     2
 Stab: Sleeping          |     1 |       |    10 |     4 ||    15
       Distracted        |       |       |       |     1 ||     1
Armor: Ring mail         |    23 |    49 |   118 |   188 ||   378
       Robe              |     2 |       |       |       ||     2
Dodge: Dodged            |    54 |    93 |   156 |   210 ||   513
